 Dungeon Crawl Stone Soup version 0.21.1-1-g345015f (webtiles) character file.

69 microfolk the Covered (level 4, -8/42 HPs)
             Began as a Deep Dwarf Fighter on Apr 26, 2018.
             Mangled by a kobold
             ... wielding a +1 short sword of electrocution
              (9 damage)
             ... on level 2 of the Dungeon.
             The game lasted 00:04:25 (1282 turns).

microfolk the Covered (Deep Dwarf Fighter)          Turns: 1282, Time: 00:04:26

Health: -8/42      AC:  7    Str: 20    XL:     4   Next: 2%
Magic:  4/4        EV:  7    Int:  8    God:
Gold:   104        SH:  9    Dex: 13    Spells: 3/3 levels left

rFire    . . .     SeeInvis .   a - +0 war axe
rCold    . . .     Gourm    .   c - +0 shield
rNeg     . . .     Faith    .   b - +0 scale mail
rPois    .         Spirit   .   (no helmet)
rElec    .         Reflect  .   (no cloak)
rCorr    .         Harm     .   (no gloves)
MR       .....                  (no boots)
Stlth    ..........             (no amulet)
HPRegen  0.00/turn              (no ring)
MPRegen  0.09/turn              (no ring)

@: non-regenerating
A: damage resistance, heal wounds, sense surroundings 1, no regeneration
a: Heal Wounds


You were on level 2 of the Dungeon.
You were not hungry.

You visited 1 branch of the dungeon, and saw 2 of its levels.

You collected 104 gold pieces.

Inventory:

Hand Weapons
 a - a +0 war axe (weapon)
 m - a +0 hunting sling
Missiles
 h - 69 stones (quivered)
 n - 19 sling bullets
Armour
 b - a +0 scale mail (worn)
 c - a +0 shield (worn)
Scrolls
 e - a scroll of teleportation
 i - a scroll of enchant weapon {unknown}
 j - 3 scrolls of blinking
 l - a scroll of remove curse {unknown}
Potions
 d - 2 potions of might
 g - a potion of curing {unknown}
Comestibles
 f - 5 rations
 k - 12 chunks of flesh


   Skills:
 + Level 3.2 Fighting
 * Level 3.7 Axes
 + Level 3.9 Armour
 - Level 3.2 Shields


You had 3 spell levels left.
You didn't know any spells.

Dungeon Overview and Level Annotations

Branches:
Dungeon (2/15)

Altars:


Innate Abilities, Weirdness & Mutations

You are resistant to damage.
You can heal yourself by infusing magical energy.
You passively map a small area around you.
You do not regenerate.


Message History

You kill the rat!
The kobold throws a stone.
The stone hits you.
The kobold throws a stone.
The stone hits you but does no damage.
A bat comes into view.
You hit the kobold but do no damage. You block the bat's attack.
You block the kobold's attack. The bat hits you but does no damage.
You miss the kobold. You slash the bat!
You kill the bat!
The bat hits you but does no damage. The kobold hits you but does no damage.
You block the kobold's attack.
You hit the kobold but do no damage. The bat hits you but does no damage.
The kobold hits you with a short sword of electrocution.
You are electrocuted!
* * * LOW HITPOINT WARNING * * *
Your shield and scale mail prevent you from hitting the kobold.
The bat barely misses you.
The kobold hits you with a short sword of electrocution.
* * * LOW HITPOINT WARNING * * *
You are electrocuted!
You die...

#....8.....8. ##.#####
#............ #. .
##..........## , ..
#............#
#..........# , * *
#..........#
.....#.#..##### ,
.......#...(# ,* ,
........#.#@##, ,, ,
..........#Kb.....# ,
#....................#
#...................#.
.......K.............
,
##.................#..
#....S.............. #
#............#.....##
* , #............ *,


You could see a bat and a kobold.

Vanquished Creatures
  An adder (D:2)
  A worm (D:1)
  3 dart slugs
  2 leopard geckos (D:1)
  A ball python (D:1)
  4 bats
  5 giant cockroaches
  9 goblins
  4 hobgoblins
  5 frilled lizards
  7 kobolds
  6 rats
48 creatures vanquished.

Notes
Turn   | Place    | Note
-------+----------+-------------------------------------------
     0 | D:1      | microfolk the Deep Dwarf Fighter began the quest for the Orb.
     0 | D:1      | Reached XP level 1. HP: 20/20 MP: 1/1
    93 | D:1      | Reached XP level 2. HP: 27/27 MP: 2/2
   524 | D:1      | Reached XP level 3. HP: 30/34 MP: 3/3
  1257 | D:2      | Reached XP level 4. HP: 16/42 MP: 4/4
  1282 | D:2      | HP: 1/42 [kobold/short sword of electrocution (3)]
  1282 | D:2      | Mangled by a kobold

Skill      XL: |  1  2 |
---------------+-------+-----
Axes           | 3 |  3.7
Fighting       | 3 |  3.2
Armour         | |  3.9
Shields        | |  3.2

Action                   |  1- 3 |  4- 6 || total
-------------------------+-------+-------++-------
Melee: War axe           |   157 |     6 ||   163
Throw: Stone             |     1 |       ||     1
  Use: Scroll            |     2 |       ||     2
  Eat: Chunk             |     2 |       ||     2
Armor: Scale mail        |    74 |     6 ||    80
Dodge: Dodged            |    51 |     2 ||    53
Block: Shield            |    71 |     3 ||    74
